 Dungeon Crawl Stone Soup version 0.20.1-1-g8b1a95d (webtiles) character file.

1885 polve the Transmogrifier (level 8, 0/59 HPs)
             Began as a Pale Draconian Transmuter on July 4, 2017.
             Slain by a killer bee (8 damage)
             ... on level 5 of the Dungeon.
             The game lasted 00:13:03 (8696 turns).

polve the Transmogrifier (DrTm)                     Turns: 8696, Time: 00:13:04

Health: 0/59       AC:  6    Str: 17      XL:     8   Next: 92%
Magic:  11/11      EV: 12    Int: 15      God:
Gold:   345        SH:  0    Dex: 11 (13) Spells: 0/11 levels left

rFire    . . .     SeeInvis .     - Unarmed
rCold    . . .     Gourm    .   (no shield)
rNeg     . . .     Faith    .   (armour unavailable)
rPois    .         Spirit   .   (helmet restricted)
rElec    .         Reflect  .   (no cloak)
rCorr    .         Harm     .   (no gloves)
MR       .....                  (boots currently unavailable)
Stlth    ++........             (no amulet)
Regen    0.2/turn               m - +5 ring of strength
MPRegen  0.2/turn               t - ring of stealth

@: lethally poisoned (0 -> -1), appendage
A: breathe steam, unfitting armour, talons 3, cold-blooded, AC +6
a: Breathe Steam, End Transformation


You were on level 5 of the Dungeon.
You were not hungry.
You had grown temporary talons.
You visited 2 branches of the dungeon, and saw 7 of its levels.

You collected 345 gold pieces.

Inventory:

Missiles
 a - 74 arrows (quivered)
Jewellery
 h - an uncursed ring of resist corrosion
 m - a +5 ring of strength (left hand)
 t - a ring of stealth (right hand)
Scrolls
 d - a scroll of amnesia {unknown}
 e - 12 scrolls of identify {unknown}
 k - 3 scrolls of remove curse {unknown}
 n - a scroll of fog {unknown}
 s - 3 scrolls of enchant armour {unknown}
 x - a scroll of teleportation {unknown}
Potions
 g - a potion of haste {unknown}
 i - 3 potions of degeneration {unknown}
 j - 2 potions of lignification {unknown}
 l - a potion of curing
 o - a potion of invisibility {unknown}
 p - 2 potions of brilliance {unknown}
 q - a potion of ambrosia {unknown}
 r - 5 potions of agility {unknown}
 u - a potion of resistance {unknown}
Books
 b - a book of Changes

   Spells                             Type                      Level
   a - Beastly Appendage              Transmutation                1
   b - Sticks to Snakes               Transmutation                2
   c - Spider Form                    Transmutation/Poison         3
   d - Ice Form                       Ice/Transmutation            4
   e - Blade Hands                    Transmutation                5
 w - a book of Battle

   Spells                             Type                      Level
   a - Infusion                       Charms                       1
   b - Shroud of Golubria             Charms/Translocation         2
   c - Song of Slaying                Charms                       2
   d - Spectral Weapon                Hexes/Charms                 3
   e - Regeneration                   Charms/Necromancy            3
Comestibles
 c - 3 bread rations
 f - 5 royal jellies


   Skills:
 - Level 1.1 Fighting
 - Level 1.7 Dodging
 + Level 6.5 Unarmed Combat
 + Level 2.3 Spellcasting
 - Level 10.1 Transmutations


You couldn't memorise any spells.
You knew the following spells:

 Your Spells              Type           Power        Failure   Level  Hunger
a - Beastly Appendage     Tmut           ####..       1%          1    #......
b - Sticks to Snakes      Tmut           ####....     1%          2    ###....
c - Spider Form           Tmut/Pois      ###.......   8%          3    ###....
d - Blade Hands           Tmut           ####......   10%         5    ######.


Dungeon Overview and Level Annotations

Branches:
Dungeon (6/15)             Temple (1/1) D:5

Altars:
Ashenzari
Cheibriados
Dithmenos
Elyvilon
Fedhas
Gozag
Hepliaklqana
Kikubaaqudgha
Makhleb
Nemelex Xobeh
Okawaru
Qazlal
Ru
Sif Muna
Trog
Uskayaw
Vehumet
Xom
Yredelemnul
Zin
The Shining One
Jiyva


Innate Abilities, Weirdness & Mutations

You can breathe blasts of scalding, opaque steam.
Your pale cyan-grey scales are hard. (AC +6)
You cannot fit into any form of body armour.
You are cold-blooded and may be slowed by cold attacks.
You have claws for feet.


Message History

You kill the killer bee!
You have got your breath back.
The killer bee is engulfed in a cloud of scalding steam.
You miss the killer bee.
The killer bee is almost dead.
The killer bee barely misses you.
The killer bee stings you but does no damage.
You barely miss the killer bee.
Your tail-slap misses the killer bee.
The killer bee is almost dead.
You feel sick.
The killer bee stings you but does no damage.
The killer bee barely misses you.
You miss the killer bee. Your kick misses the killer bee.
The killer bee is almost dead.
The killer bee closely misses you. The killer bee barely misses you.
You closely miss the killer bee.
The killer bee is almost dead.
The killer bee stings you but does no damage.
The killer bee stings you!
You die...

#..# ##......###..#..#..#. #..#
#..##...# ##.#.#...#. #..#
#.###...####......... #..##
###.#............#..##. ....#
#.....#...#####.##..#..
#...#######.##.##...# #..#..##.#
#.#............##...# #.....##)#
#.#.#####........#### ##..#.###.#
#.#.# ##.######@# ###.....###)#
#[#.####..# #y####...#....<...
#.#.##..(.# #.†.......#.#.....
#.#.##)##.########§§§......#.....
....................§.....##.....
..........................##.....
....#......#######.......###.....
..####.....# #.......# #..... ..#
#.....# ###..#### #.....


You could see a killer bee.

Vanquished Creatures
  Pikel (D:4)
  Grinder (D:3)
  Sigmund (D:3)
  4 slaves (D:4)
  2 ogres (D:5)
  2 bullfrogs (D:5)
  The ghost of murphy the Chopper, a weakling DDFi (D:4)
  A killer bee (D:5)
  A howler monkey (D:4)
  A bullfrog zombie (D:5)
  A quasit (D:5)
  2 orc priests
  4 orc wizards
  A jelly (D:5)
  Jessica (D:3)
  7 worker ants
  4 gnolls
  7 adders
  2 oozes
  3 worms
  3 dart slugs
  A leopard gecko (D:5)
  9 orcs
  3 ball pythons
  6 bats
  3 giant cockroaches
  10 hobgoblins
  9 jackals
  11 kobolds
  A quokka (D:4)
  3 frilled lizards
  8 goblins
  A jackal skeleton (D:5)
  A quokka zombie (D:5)
  11 rats
127 creatures vanquished.

Vanquished Creatures (others)
  A bat (D:1)
1 creature vanquished.

Grand Total: 128 creatures vanquished

Notes
Turn   | Place    | Note
-------+----------+-------------------------------------------
     0 | D:1      | polve the Draconian Transmuter began the quest for the Orb.
     0 | D:1      | Reached XP level 1. HP: 16/16 MP: 3/3
   395 | D:1      | Reached XP level 2. HP: 15/23 MP: 3/5
   603 | D:1      | Reached skill level 3 in Transmutations
  1040 | D:1      | Reached XP level 3. HP: 13/28 MP: 6/6
  1050 | D:1      | Learned a level 2 spell: Sticks to Snakes
  1054 | D:1      | Learned a level 3 spell: Spider Form
  1207 | D:1      | Found a viscous altar of Jiyva.
  1997 | D:2      | Reached skill level 4 in Transmutations
  2150 | D:2      | Reached XP level 4. HP: 18/35 MP: 5/7
  2836 | D:3      | Noticed Jessica
  2841 | D:3      | Killed Jessica
  2841 | D:3      | Reached skill level 5 in Transmutations
  2926 | D:3      | Reached XP level 5. HP: 20/40 MP: 6/8
  3269 | D:3      | Noticed Sigmund
  3690 | D:3      | Noticed Grinder
  3709 | D:3      | Paralysed by Grinder for 2 turns
  3721 | D:3      | Killed Grinder
  3721 | D:3      | Reached skill level 6 in Transmutations
  3721 | D:3      | Reached XP level 6. HP: 27/47 MP: 6/9
  4124 | D:2      | Reached skill level 7 in Transmutations
  4647 | D:3      | Killed Sigmund
  4647 | D:3      | Your scales start taking on a pale cyan-grey colour.
  4647 | D:3      | Reached XP level 7. HP: 47/52 MP: 4/10
  4896 | D:4      | Noticed murphy's ghost (weakling DDFi)
  5345 | D:4      | Killed murphy's ghost
  5345 | D:4      | Reached skill level 8 in Transmutations
  5919 | D:4      | Noticed Pikel
  5988 | D:4      | Killed Pikel
  5988 | D:4      | Reached skill level 10 in Transmutations
  5988 | D:4      | Reached XP level 8. HP: 23/59 MP: 11/11
  5995 | D:4      | Learned a level 5 spell: Blade Hands
  6773 | D:5      | Entered Level 5 of the Dungeon
  7197 | D:5      | Found a staircase to the Ecumenical Temple.
  7272 | D:5      | Reached skill level 5 in Unarmed Combat
  8169 | D:5      | Found a radiant altar of Vehumet.
  8391 | Temple   | Entered the Ecumenical Temple
  8696 | D:5      | Slain by a killer bee

Skill      XL: |  1  2  3  4  5  6  7  8 |
---------------+-------------------------+-----
Transmutations | 3 4 5 6 7 10 | 10.1
Unarmed Combat | 6 |  6.5
Fighting       | |  1.1
Dodging        | |  1.7
Spellcasting   | |  2.3

Action                   |  1- 3 |  4- 6 |  7- 9 || total
-------------------------+-------+-------+-------++-------
Melee: Unarmed           |   173 |   156 |   297 ||   626
       Tailslap          |    18 |    20 |    34 ||    72
       Headbutt          |     3 |     9 |    16 ||    28
       Kick              |     1 |    14 |    13 ||    28
       Punch             |       |       |     1 ||     1
 Cast: Beastly Appendage |     5 |    16 |    14 ||    35
       Sticks to Snakes  |       |     3 |       ||     3
 Abil: Breathe Steam     |       |       |    13 ||    13
  Use: Potion            |       |     1 |     3 ||     4
 Stab: Sleeping          |     1 |     1 |     2 ||     4
  Eat: Chunk             |     3 |     9 |     8 ||    20
       Meat ration       |       |       |     1 ||     1
       Royal jelly       |       |       |     1 ||     1
Armor: Skin              |    46 |    58 |   116 ||   220
Dodge: Dodged            |   110 |   115 |   208 ||   433
